 Dungeon Crawl Stone Soup version 0.24.0-37-gcf1ca852f1 (webtiles) character file.

Game seed: 7871846851236613471, levelgen mode: deterministic

326 Descartes the Grasshopper (level 6, -9/28 HPs)
             Began as a Felid Warper on Nov 27, 2019.
             Killed by nerve-wracking pain
             ... invoked by an orc priest
              (13 damage)
             ... on level 4 of the Dungeon.
             The game lasted 00:17:25 (8539 turns).

Descartes the Grasshopper (Felid Warper)            Turns: 8539, Time: 00:17:26

Health: -9/28      AC:  2    Str:  9    XL:     6   Next: 24%
Magic:  11/11      EV: 20    Int: 14    God:
Gold:   261        SH:  0    Dex: 16    Spells: 4/11 levels left
                                        Lives:  0   Deaths: 1

rFire    + . .     SeeInvis +     - Unarmed
rCold    . . .     Gourm    .   (shield unavailable)
rNeg     . . .     Faith    .   (armour unavailable)
rPois    .         Spirit   .   (helmet unavailable)
rElec    .         Reflect  .   (cloak unavailable)
rCorr    +         Harm     .   (gloves unavailable)
MR       .....                  (boots unavailable)
Stlth    +++.......             (no amulet)
HPRegen  0.09/turn              l - ring of resist corrosion
MPRegen  0.12/turn              r - ring of protection from fire

@: quick
A: very small, no armour, no weapons or thrown items, stealth, claws 1, fangs 3,
see invisible, carnivore, speed 1, shaggy fur 2, slow metabolism 1, sharp paws
a: no special abilities


You were on level 4 of the Dungeon.
You were completely stuffed.

You visited 1 branch of the dungeon, and saw 4 of its levels.

You collected 261 gold pieces.

Inventory:

Missiles
 f - 134 stones
 h - 60 arrows
Jewellery
 l - a ring of resist corrosion (left paw)
 r - a ring of protection from fire (right paw)
Wands
 m - a wand of iceblast (10)
Scrolls
 b - 2 scrolls of blinking
 d - a scroll of teleportation
 e - a scroll of identify
 g - 2 scrolls of remove curse
 i - a scroll of fear {unknown}
 n - a scroll of immolation {unknown}
 o - a scroll of amnesia {unknown}
 p - a scroll of enchant weapon {unknown}
 q - a scroll of magic mapping {unknown}
Potions
 j - a potion of haste {unknown}
 k - a potion of mutation {unknown}
Comestibles
 c - 6 rations


   Skills:
 + Level 3.1 Fighting
 + Level 4.6 Dodging
 + Level 3.1 Stealth
 * Level 4.1 Unarmed Combat
 - Level 3.0 Spellcasting
 - Level 2.0 Charms
 - Level 5.0 Translocations


You had 4 spell levels left.
You knew the following spells:

 Your Spells              Type           Power        Failure   Level  Hunger
a - Blink                 Tloc           N/A          4%          2    ##.....
b - Shroud of Golubria    Chrm/Tloc      ##....       8%          2    ##.....
c - Teleport Other        Tloc           ###.....     9%          3    ###....

Your spell library contained the following spells:

 Spells                   Type           Power        Failure   Level  Hunger
 Gell's Gravitas          Tloc           ###.......   9%          3    ###....
 Lesser Beckoning         Tloc           ###.......   9%          3    ###....
 Passage of Golubria      Tloc           N/A          26%         4    #####..


Dungeon Overview and Level Annotations

Branches:
Dungeon (4/15)
 Temple: D:4-7

Altars:
Elyvilon


Innate Abilities, Weirdness & Mutations

You cannot wear armour.
You are incapable of wielding weapons or throwing items.
Your paws allow you to move quietly. (Stealth)
You have sharp claws.
You have razor-sharp teeth.
You have supernaturally acute eyesight. (SInv)
You are carnivorous and can eat meat at any time.
You cover ground quickly.
You are covered in thick fur. (AC +2)
You have a slow metabolism.
Your sharp claws are effective at attacking unaware monsters.


Message History

The orc priest is lightly wounded.
The orc hits you with a +0 club. The orc priest hits you.
The orc closely misses you.
You scratch the orc priest but do no damage.
The orc priest is lightly wounded.
The orc barely misses you. The orc priest misses you.
The orc hits you with a +0 mace.
You barely miss the orc priest.
The orc priest is lightly wounded.
The orc priest barely misses you. The orc hits you with a +0 club.
You barely miss the orc priest.
The orc priest is lightly wounded.
The orc barely misses you. The orc priest misses you.
The orc hits you with a +0 club!
* * * LOW HITPOINT WARNING * * *
You barely miss the orc priest.
The orc priest is lightly wounded.
The orc priest mumbles some strange prayers to Beogh against you.
Pain shoots through your body!
You die...

...>..##...#### ####..## #..o
....#.....## ##.######...
#.#####....#### #+##...........
#.# ###.##..#.##
##.#....####...o #.........)#
#.......###..... ........)#.##
##..............
.............###..............!
........##....#o.........>#....
##..#### ####o@o......###......
... ###..........#..... ..
#.......##.#.#### ###.....#
.#.# #.######. .# #.# ..


You could see an orc priest and 2 orcs.

Vanquished Creatures
  A scorpion (D:4)
  A howler monkey (D:4)
  2 iguanas (D:4)
  A worker ant (D:4)
  Robin (D:2)
  8 adders
  A shadow imp (D:2)
  2 oozes
  4 worms
  3 dart slugs
  6 leopard geckos
  11 orcs
  3 ball pythons
  6 bats
  2 giant cockroaches
  16 goblins
  10 hobgoblins
  6 kobolds
  3 quokkas
  3 frilled lizards
  6 rats
96 creatures vanquished.

Notes
Turn   | Place    | Note
-------+----------+-------------------------------------------
     0 | D:1      | Descartes the Felid Warper began the quest for the Orb.
     0 | D:1      | Reached XP level 1. HP: 9/9 MP: 4/4
   494 | D:1      | Reached XP level 2. HP: 8/13 MP: 6/6
   903 | D:1      | Reached skill level 1 in Stealth
  1373 | D:2      | You fall into a shaft and drop 1 floor!
  1454 | D:2      | Learned a level 2 spell: Blink
  1457 | D:2      | Learned a level 2 spell: Shroud of Golubria
  1592 | D:2      | Reached XP level 3. HP: 16/16 MP: 2/7
  1826 | D:2      | Found a white marble altar of Elyvilon.
  2759 | D:2      | Reached XP level 4. HP: 15/20 MP: 5/8
  3623 | D:3      | Noticed Robin
  3991 | D:2      | Killed Robin
  4869 | D:2      | HP: 1/20 [orc/+0 short sword (3)]
  5294 | D:2      | Slain by an orc
  5295 | D:2      | Reached XP level 3. HP: 0/16 MP: 7/7
  5484 | D:2      | Found a white marble altar of Elyvilon.
  6120 | D:2      | Reached XP level 4. HP: 20/20 MP: 5/8
  6399 | D:3      | Reached skill level 1 in Charms
  7531 | D:3      | Reached XP level 5. HP: 24/24 MP: 8/10
  7554 | D:3      | Learned a level 3 spell: Teleport Other
  8068 | D:4      | Gained mutation: You are covered in thick fur. (AC +2)
                  | [Felid growth]
  8068 | D:4      | Reached XP level 6. HP: 23/28 MP: 11/11
  8121 | D:4      | Reached skill level 5 in Translocations
  8539 | D:4      | Killed from afar by an orc priest

Levels and vault maps discovered:
D:1:      eino_arrival_cavern_d, layout_loops_ring, chequers_garden,
          minmay_misc_feat_room, corexii_leaking_fountain
D:2:      layout_basic, elyvilon_altar_3
D:3:      layout_rooms, uniq_robin
D:4:      layout_rooms, first_ration, minmay_fractal_squares_gapless_5

Skill      XL: |  1  2  3  4  5  6 |
---------------+-------------------+-----
Stealth        | 1 2 3 |  3.1
Unarmed Combat | 3 4 |  4.1
Dodging        | 4 |  4.6
Charms         | 1 2 |  2.0
Fighting       | 3 |  3.1
Spellcasting   | 3 |  3.0
Translocations | 5 |  5.0

Action                   |  1- 3 |  4- 6 || total
-------------------------+-------+-------++-------
Melee: Unarmed           |   152 |   304 ||   456
       Bite              |    14 |    20 ||    34
       Punch             |       |     3 ||     3
 Cast: Shroud of Golubri |    16 |    31 ||    47
       Blink             |     1 |     3 ||     4
  Use: Scroll            |       |     4 ||     4
       Potion            |       |     3 ||     3
 Stab: Sleeping          |     7 |     4 ||    11
  Eat: Chunk             |    18 |    13 ||    31
Armor: Skin              |     4 |    14 ||    18
Dodge: Dodged            |   120 |   266 ||   386
